 Dungeon Crawl Stone Soup version 0.29-a0-384-g6960b1960d (webtiles) character file.

Game seed: 15531141277286453913

174 jlumianski the Chopper (level 5, -10/41 HPs)
             Began as a Demonspawn Fighter on May 7, 2022.
             Killed by divine providence
             ... invoked by an orc priest
              (14 damage)
             ... on level 4 of the Dungeon.
             The game lasted 00:08:57 (3363 turns).

jlumianski the Chopper (Demonspawn Fighter)         Turns: 3363, Time: 00:09:00

Health: -10/41     AC: 13    Str: 24    XL:     5   Next: 28%
Magic:  5/5        EV:  8    Int:  9    God:
Gold:   99         SH:  5    Dex: 13    Spells: 4/4 levels left

rFire   . . .      SeeInvis .   a - +1 war axe
rCold   . . .      Faith    .   c - +0 buckler
rNeg    . . .      Spirit   .   m - +0 chain mail
rPois   .          Reflect  .   i - +1 helmet
rElec   .          Harm     .   (no cloak)
rCorr   .          Rampage  .   (no gloves)
Will    .....                   (no boots)
Stlth   ..........              (no amulet)
HPRegen 0.13/turn               u - +6 ring of strength
MPRegen 0.09/turn               (no ring)

@: no status effects
A: claws 1, thin metallic scales 1, demonic magic 1
a: no special abilities


You were on level 4 of the Dungeon.
You visited 1 branch of the dungeon, and saw 4 of its levels.

You collected 99 gold pieces.

Inventory:

Hand Weapons
 a - a +1 war axe (weapon)
 o - a +2 dagger of freezing
Missiles
 f - 85 stones
 n - 8 atropa-tipped darts (quivered)
 v - 5 poisoned darts
Armour
 b - a +0 scale mail
 c - a +0 buckler (worn)
 i - a +1 helmet (worn)
 m - a +0 chain mail (worn)
Magical Staves
 k - a staff of conjuration
 w - a staff of poison
Jewellery
 u - a +6 ring of strength (left claw)
Scrolls
 l - 2 scrolls of identify {unknown}
 q - a scroll of blinking
 s - a scroll of immolation {unknown}
Potions
 d - 3 potions of might
 e - a potion of haste {unknown}
 g - 2 potions of curing
 h - a potion of heal wounds
 j - a potion of brilliance {unknown}
 p - 2 potions of lignification
 r - a potion of degeneration {unknown}
 t - a potion of attraction {unknown}


   Skills:
 + Level 3.3 Fighting
 + Level 3.4 Axes
 + Level 0.1 Throwing
 + Level 3.3 Armour
 + Level 1.3 Dodging
 + Level 0.1 Stealth
 + Level 3.3 Shields


You had 4 spell levels left.
You didn't know any spells.
Your spell library contained the following spells:

 Spells                   Type           Power      Damage    Failure   Level
 Freeze                   Ice            0%         1d3       98%         1
 Sublimation of Blood     Necr           0%         N/A       99%         2
 Frozen Ramparts          Ice            0%         1d2       100%        3
 Hailstorm                Conj/Ice       0%         3d3       100%        4
 Petrify                  Tmut/Erth      0%         N/A       100%        4
 Irradiate                Conj/Tmut      0%         3d13      100%        5


Dungeon Overview and Level Annotations

Branches:
Dungeon (4/15)
 Temple: D:4-7

Altars:
Gozag


Innate Abilities, Weirdness & Mutations

You have sharp fingernails.
You are partially covered in thin metallic scales. (AC +2)
Spells you cast may paralyse adjacent enemies.


Message History

You barely miss the quokka.
An orc comes into view. It is wielding a +0 flail.
You block the quokka's attack.
The orc shouts!
You hit the quokka.
You kill the quokka!
You block the orc's attack.
You barely miss the orc. The orc hits you but does no damage.
The orc priest mumbles some strange prayers to Beogh against you.
Beogh smites you!
You closely miss the orc. The orc hits you but does no damage.
You slash the orc!
You kill the orc!
The orc priest hits you but does no damage.
You closely miss the orc priest.
The orc priest hits you but does no damage.
You hit the orc priest.
The orc priest is lightly wounded.
The orc priest begins to cast a cantrip, but forgets the words!
The orc priest hits you but does no damage.
You hit the orc priest.
The orc priest is heavily wounded.
The orc priest completely misses you.
You hit the orc priest.
The orc priest is almost dead.
The orc priest hits you but does no damage.
You barely miss the orc priest.
The orc priest is almost dead.
The orc priest hits you but does no damage. x2
You hit the orc priest but do no damage.
The orc priest is almost dead.
The orc priest hits you with a +0 club.
You closely miss the orc priest.
The orc priest is almost dead.
The orc priest mumbles some strange prayers to Beogh against you.
Beogh smites you!
* * * LOW HITPOINT WARNING * * *
The orc priest mumbles some strange prayers to Beogh against you.
Beogh smites you!
You die...

....###.o.
......... ..#...
......ro. .....
......#.# #...#
......#r# #...#
#......o# #...#
#..# #...#
#..####...####.
#.goo@......... #
#.#####...#####
.#
...........#####
#.#
###..............
...
#######..########
.. #†....<...# .#
#.#######..... .#
#.# ### .# #.#


You could see an orc priest, an orc and a goblin.

Vanquished Creatures
  A hound (D:3)
  Robin (D:2)
  4 adders
  2 worms (D:2)
  A dart slug (D:2)
  3 orcs
  8 endoplasms
  A giant cockroach (D:2)
  12 goblins
  4 hobgoblins
  8 jackals
  7 quokkas
  11 ball pythons
  3 bats
  2 frilled lizards (D:1)
  6 kobolds
  7 rats
81 creatures vanquished.

Notes
Turn   | Place    | Note
-------+----------+-------------------------------------------
     0 | D:1      | jlumianski the Demonspawn Fighter began the quest for the
                  | Orb.
     0 | D:1      | Reached XP level 1. HP: 18/18 MP: 1/1
   238 | D:1      | Gained mutation: You are partially covered in thin metallic
                  | scales. (AC +2) [demonic ancestry]
   238 | D:1      | Reached XP level 2. HP: 23/24 MP: 2/2
   603 | D:2      | Noticed Robin
   633 | D:2      | Killed Robin
   634 | D:2      | Reached XP level 3. HP: 22/29 MP: 3/3
  1082 | D:1      | Reached skill level 1 in Dodging
  1238 | D:1      | Found a faded altar of an unknown god.
  1717 | D:2      | Gained mutation: You have sharp fingernails. [demonic
                  | ancestry]
  1717 | D:2      | Reached XP level 4. HP: 26/35 MP: 4/4
  1823 | D:2      | Found an opulent altar of Gozag.
  2760 | D:3      | Gained mutation: Spells you cast may paralyse adjacent
                  | enemies. [demonic ancestry]
  2760 | D:3      | Reached XP level 5. HP: 41/41 MP: 5/5
  3363 | D:4      | Killed from afar by an orc priest

Illustrated notes

Levels and vault maps discovered:
D:1:      wander_arrival_chamber, layout_basic,
          nicolae_ecumenical_snake_handling, ebering_dispersal_statue_hall
D:2:      layout_loops_ring, basic_altar, amcnicky_mini_pool_small,
          kennysheep_potato, uniq_robin
D:3:      layout_loops_cross
D:4:      layout_loops_ring, regret_index_temple_of_mockery

Skill      XL: |  1  2  3  4 |
---------------+-------------+-----
Shields        | 3 |  3.3
Axes           | 2 3 |  3.4
Armour         | 3 |  3.3
Dodging        | 1 |  1.3
Fighting       | |  3.3
Throwing       | |  0.1
Stealth        | |  0.1

Action                   |  1- 3 |  4- 6 || total
-------------------------+-------+-------++-------
Melee: War axe           |   140 |   102 ||   242
Throw: Dart              |       |     5 ||     5
  Use: Scroll            |     4 |     1 ||     5
       Potion            |     1 |     2 ||     3
Armor: Scale mail        |    73 |     1 ||    74
       Chain mail        |       |    76 ||    76
Dodge: Dodged            |    70 |    42 ||   112
Block: Buckler           |    42 |    25 ||    67

Table legend: (Time is in decaauts)
 A = Elapsed time spent in this place.
 B = Non-inter-level travel time spent in this place.
 C = Inter-level travel time spent in this place.
 D = Time resting spent in this place.
 E = Time spent auto-exploring this place.
 F = Levels seen in this place.
 G = Mean time per level.
                   A        B        C        D        E       F      G
               +--------+--------+--------+--------+--------+-----+--------+
         Total |   3471 |   3414 |     57 |     80 |   2162 |   4 |  867.8 |
       Dungeon |   3471 |   3414 |     57 |     80 |   2162 |   4 |  867.8 |
               +--------+--------+--------+--------+--------+-----+--------+

Top non-repeatable levels by time:
     D:1: 1326 daAuts
     D:2: 1172 daAuts
     D:3: 807 daAuts
     D:4: 164 daAuts
